AoeStats
← SpinettaX

Arabia

509765909Analyzed
1v1 RM · 4d ago on Sep 27, 2026· 157m 8s· 2 players
Game mode
Random Map
Map size
Tiny (2 player)
Population
200
Speed
Normal
Resources
Standard
Victory
Conquest
Starting age
Dark Age
Ending age
Imperial Age
RankedLock teamsTeams togetherTeam positionsShared explorationLock speedFull tech treeHidden civsTurbo modeCheats
Victory
Defeat
🇧🇷 Khmer · Brazil
526
+14
🇦🇷 Hindustanis · Argentina
478
-14
SpinettaX
11:18 Feudal Age
9:34 Loom
12:59 Horse Collar
13:07 Double-Bit Axe
15:32 Wheelbarrow
18:13 Wheelbarrow
18:46 Gold Mining
20:53 Scale Mail Armor
21:04 Forging
20:47 Town Watch
20:40 Man-at-Arms
22:00 Arson
26:42 Castle Age
28:04 Iron Casting
27:52 Squires
28:44 Heavy Plow
29:55 Bow Saw
32:33 Long Swordsman
33:25 Guard Tower
35:25 Pikeman
36:34 Scale Barding Armor
36:44 Chain Mail Armor
41:14 Gold Shaft Mining
40:30 Stone Mining
42:06 Hand Cart
42:52 Husbandry
43:03 Bloodlines
44:58 Stone Shaft Mining
45:03 Grand Trunk Road
46:19 Ballistics
46:09 Fortified Wall
51:51 Imperial Age
52:37 Masonry
51:51 Light Cavalry
52:52 Siege Elephant
53:51 Thumb Ring
53:11 Crossbowman
54:50 Chain Barding Armor
55:32 Blast Furnace
53:59 Elite Skirmisher
57:16 Chemistry
56:28 Two-Handed Swordsman
59:01 Plate Barding Armor
58:17 Fletching
58:28 Padded Archer Armor
60:46 Onager
61:28 Champion
68:51 Heavy Camel Rider
73:23 Imperial Camel Rider
95:03 Bodkin Arrow
120:02 Bracer
130:02 Elite Ghulam
FastPluto2877
10:23 Loom
12:28 Feudal Age
13:52 Double-Bit Axe
15:23 Bloodlines
17:19 Wheelbarrow
17:45 Man-at-Arms
29:24 Castle Age
28:33 Gold Mining
28:37 Stone Mining
30:46 Hand Cart
30:09 Long Swordsman
31:37 Stone Shaft Mining
31:38 Gold Shaft Mining
31:45 Gold Shaft Mining
31:03 Town Watch
36:01 Husbandry
37:17 Pikeman
47:30 Imperial Age
47:41 Bow Saw
50:38 Double Crossbow
50:29 Halberdier
53:14 Chemistry
52:52 Heavy Scorpion
56:48 Forging
56:38 Scale Mail Armor
57:32 Scale Barding Armor
57:28 Padded Archer Armor
57:18 Fletching
58:35 Iron Casting
58:18 Light Cavalry
59:20 Chain Mail Armor
59:02 Bodkin Arrow
59:27 Chain Barding Armor
59:26 Leather Archer Armor
61:48 Hussar
71:05 Blast Furnace
70:07 Bracer
82:49 Capped Ram
89:51 Siege Ram
90:27 Horse Collar
92:02 Heavy Plow
121:12 Crop Rotation
Connection lost

Rejoining the realm…

Still unreachable

The connection could not be restored.

Session expired

The server has moved on; the page needs a fresh start.